 Dungeon Crawl Stone Soup version 0.29.1-1-gd02db6906a (webtiles) character file.

Game seed: 9630965766946426757

4669 leavemydog the Thaumaturge (level 10, -4/50 HPs)
             Began as a Deep Elf Conjurer on Oct 7, 2022.
             Slain by a polar bear (13 damage)
             ... on level 8 of the Dungeon.
             The game lasted 00:15:03 (9742 turns).

leavemydog the Thaumaturge (Deep Elf Conjurer)      Turns: 9742, Time: 00:15:04

Health: -4/50      AC: 11    Str:  4    XL:     10   Next: 20%
Magic:  2/28       EV: 12    Int: 28    God:
Gold:   386        SH:  0    Dex: 13    Spells: 23/34 levels left

rFire   . . .      SeeInvis .   w - +4 dagger (venom)
rCold   . . .      Faith    .   (no shield)
rNeg    . . .      Spirit   .   a - +0 robe
rPois   +          Reflect  .   m - +0 helmet
rElec   .          Harm     .   h - +2 cloak
rCorr   .          Rampage  .   t - +0 pair of gloves
Will    +....                   (no boots)
Stlth   ++........              (no amulet)
HPRegen 0.16/turn               l - +4 ring of protection
MPRegen 0.21/turn               A - ring of poison resistance

@: no status effects
A: no striking features
a: no special abilities


You were on level 8 of the Dungeon.
You visited 2 branches of the dungeon, and saw 9 of its levels.

You collected 386 gold pieces.

Inventory:

Hand Weapons
 w - a +4 dagger of venom (weapon)
Missiles
 c - a throwing net
 E - 5 silver javelins
Armour
 a - a +0 robe (worn)
 h - a +2 cloak (worn)
 m - a +0 helmet (worn)
 t - a +0 pair of gloves (worn)
Jewellery
 l - a +4 ring of protection (left hand)
 n - a ring of see invisible
 o - a ring of protection from cold
 q - the ring of the Snail {Fire rElec}
   (You found it on level 2 of the Dungeon)

   [ring of fire]

   It enhances your fire magic.
   rF:        It protects you from fire.
   rC:        It makes you vulnerable to cold.
   rElec:     It insulates you from electricity.
 A - a ring of poison resistance (right hand)
Wands
 p - a wand of mindburst (12)
 J - a wand of iceblast (9)
Scrolls
 d - a scroll of vulnerability
 g - 4 scrolls of fear {unknown}
 i - a scroll of magic mapping {unknown}
 j - 2 scrolls of teleportation
 k - a scroll of silence {unknown}
 s - a scroll of butterflies
 u - a scroll of amnesia {unknown}
 x - a scroll of enchant armour {unknown}
 y - a scroll of acquirement {unknown}
 D - a scroll of poison {unknown}
 H - a scroll of blinking {unknown}
Potions
 b - 3 potions of magic
 e - 2 potions of resistance
 f - a potion of heal wounds {unknown}
 r - 3 potions of flight
 v - 2 potions of degeneration {unknown}
 z - a potion of attraction {unknown}
 B - a potion of lignification
 C - a potion of mutation {unknown}
 F - a potion of haste
 G - a potion of might
 I - 4 potions of brilliance


   Skills:
 - Level 2.4 Dodging
 - Level 2.4 Stealth
 + Level 12.6 Spellcasting
 + Level 11.3 Conjurations
 * Level 2.7 Hexes
 * Level 6.8 Translocations


You had 23 spell levels left.
You knew the following spells:

 Your Spells              Type           Power      Damage    Failure   Level
a - Magic Dart            Conj           100%       1d8       1%          1
b - Searing Ray           Conj           100%       2d8       1%          2
c - Iskenderun's Mystic   Conj/Tloc      62%        2d13      1%          4
d - Fulminant Prism       Conj/Hex       27%        3d14      1%          4

Your spell library contained the following spells:

 Spells                   Type           Power      Damage    Failure   Level
 Blink                    Tloc           100%       N/A       1%          2
 Dazzling Flash           Conj/Hex       100%       N/A       1%          3
 Lesser Beckoning         Tloc           54%        N/A       1%          3
 Mephitic Cloud           Conj/Pois/Air  38%        N/A       1%          3
 Call Imp                 Summ           17%        N/A       4%          2
 Manifold Assault         Tloc           54%        N/A       5%          5


Dungeon Overview and Level Annotations

Branches:
Dungeon (8/15)             Temple (1/1) D:7
   Lair: D:8-11

Altars:
Ashenzari
Cheibriados
Dithmenos
Elyvilon
Fedhas
Hepliaklqana
Kikubaaqudgha
Makhleb
Nemelex Xobeh
Okawaru
Qazlal
Ru
Sif Muna
Trog
Uskayaw
Wu Jian
Xom
Yredelemnul
Zin
The Shining One

Portals:
Abyss: D:4

Annotations:
D:3 3 runed translucent doors, sentinel's ghost, weakling MeEE
D:4 2 transporters, saltbearer's ghost, amateur MiAK
D:8 Joseph


Message History

The searing ray misses the polar bear.
You finish channelling your searing ray.
The polar bear barely misses you. x2
The polar bear claws you but does no damage.
The polar bear bites you.
The polar bear claws you but does no damage. x2
Casting: Searing Ray (safe; 1% risk of failure)
Confirm with . or Enter, or press ? or * to list all spells.
Aiming: Magic Dart (safe; 1% risk of failure)
Press: ? - help, Shift-Dir - straight line, f/p - polar bear
Aim: a polar bear (almost dead, berserk, 100% to hit)
The magic dart hits the polar bear.
The polar bear is almost dead.
The polar bear closely misses you. x2; The polar bear barely misses you.
You hit the polar bear but do no damage.
The polar bear is poisoned.
The polar bear is almost dead.
The polar bear bites you but does no damage.
The polar bear claws you. The polar bear closely misses you.
The polar bear bites you!!
The polar bear claws you but does no damage. x2
The polar bear attacks as you move away!
The polar bear closely misses you.
The polar bear claws you but does no damage.
The polar bear claws you.
* * * LOW HITPOINT WARNING * * *
The polar bear attacks as you move away!
The polar bear bites you but does no damage.
The polar bear claws you but does no damage.
The polar bear claws you.
* * * LOW HITPOINT WARNING * * *
The polar bear bites you but does no damage.
The polar bear claws you but does no damage.
The polar bear claws you.
* * * LOW HITPOINT WARNING * * *
The polar bear attacks as you move away!
The polar bear barely misses you.
The polar bear claws you but does no damage. x2
The polar bear bites you!
You die...

##### #.... #.###
##########.###
#...........##
#.............
#...........##
########..........###
#...@h.....)).....#
#.######....).....#
.######..........###
.........)..........
..#####...._....####
#.###......... #..#
#..####### ..... ....
# ........ ## #


You could see a polar bear (berserk, very poisoned).

Vanquished Creatures
  Prince Ribbit (D:6)
  A polar bear (D:8)
  Sigmund (D:3)
  6 yaks (D:8)
  A steam dragon (D:6)
  Menkaure (D:4)
  4 sky beasts
  An ice beast (D:8)
  An orc warrior (D:6)
  2 black bears
  A centaur (D:7)
  A phantom (D:7)
  A kobold brigand (D:7)
  6 bullfrogs
  A gnoll sergeant (D:8)
  2 necrophages (D:5)
  4 scorpions
  4 wights (D:7)
  A howler monkey (D:5)
  6 hounds
  An iron imp (D:5)
  3 jellies
  5 orc priests
  Crazy Yiuf (D:5)
  An iguana (D:5)
  8 orc wizards
  12 gnolls
  7 adders
  A shadow imp (D:6)
  A white imp (D:8)
  4 ufetubi
  A worm (D:2)
  3 dart slugs
  24 orcs
  6 ball pythons
  4 endoplasms
  A giant cockroach (D:2)
  11 goblins
  4 hobgoblins
  10 jackals
  2 quokkas
  4 bats
  2 frilled lizards (D:1)
  14 kobolds
  A rat (D:3)
177 creatures vanquished.

Vanquished Creatures (others)
  A fulminant prism (D:8)
  3 fungi (D:5)
4 creatures vanquished.

Grand Total: 181 creatures vanquished

Notes
Turn   | Place    | Note
-------+----------+-------------------------------------------
     0 | D:1      | leavemydog the Deep Elf Conjurer began the quest for the
                  | Orb.
     0 | D:1      | Reached XP level 1. HP: 10/10 MP: 6/6
   316 | D:1      | Found a faded altar of an unknown god.
   319 | D:1      | Reached XP level 2. HP: 15/15 MP: 5/8
   322 | D:1      | Learned a level 2 spell: Searing Ray
   470 | D:1      | Reached skill level 5 in Conjurations
   873 | D:2      | Reached XP level 3. HP: 19/19 MP: 3/9
  1487 | D:2      | Identified the ring of the Snail {Fire rElec}
  1939 | D:3      | Identified the +1 ring mail "Agiqufun" {Will+}
  1950 | D:3      | Noticed Sigmund
  1986 | D:3      | HP: 1/28 [something (4)]
  1993 | D:3      | Killed Sigmund
  1994 | D:3      | Reached skill level 5 in Spellcasting
  1994 | D:3      | Reached XP level 4. HP: 13/24 MP: 8/13
  1994 | D:3      | Reached XP level 5. HP: 15/28 MP: 8/14
  2048 | D:3      | Learned a level 4 spell: Iskenderun's Mystic Blast
  2371 | D:3      | Found a sparkling altar of Nemelex Xobeh.
  2406 | D:3      | Found a runed translucent gate.
  2407 | D:3      | Found a runed translucent gate.
  2409 | D:3      | Found a runed translucent gate.
  2415 | D:3      | Noticed sentinel's ghost (weakling MeEE)
  3022 | D:3      | Reached XP level 6. HP: 25/32 MP: 5/16
  3104 | D:4      | Reached skill level 1 in Translocations
  3251 | D:4      | Found a transporter.
  3277 | D:4      | Found a transporter.
  3288 | D:4      | Found a one-way gate to the infinite horrors of the Abyss.
  3288 | D:4      | Noticed saltbearer's ghost (amateur MiAK)
  3314 | D:4      | Noticed a small abomination
  3367 | D:4      | Reached skill level 6 in Spellcasting
  3497 | D:4      | Noticed Menkaure
  3742 | D:4      | Reached XP level 7. HP: 36/36 MP: 8/18
  4000 | D:4      | Killed Menkaure
  4001 | D:4      | Reached skill level 7 in Spellcasting
  4172 | D:4      | Found an ornate altar of the Wu Jian Council.
  4177 | D:4      | Found a sacrificial altar of Ru.
  4300 | D:4      | Noticed an ancient zyme
  4500 | D:5      | Entered Level 5 of the Dungeon
  4633 | D:5      | Found a snail-covered altar of Cheibriados.
  4978 | D:5      | Reached skill level 8 in Spellcasting
  5146 | D:5      | Reached XP level 8. HP: 41/41 MP: 18/22
  5580 | D:5      | Found a runed translucent door.
  5581 | D:5      | Noticed Crazy Yiuf
  5766 | D:5      | Killed Crazy Yiuf
  5834 | D:6      | Reached skill level 9 in Spellcasting
  6089 | D:6      | Found a broken altar of Ashenzari.
  6325 | D:6      | Found a glowing golden altar of the Shining One.
  6384 | D:6      | Found a white marble altar of Elyvilon.
  6599 | D:6      | Noticed Prince Ribbit
  6607 | D:6      | Killed Prince Ribbit
  6608 | D:6      | Reached skill level 10 in Spellcasting
  6613 | D:6      | Learned a level 4 spell: Fulminant Prism
  6670 | D:6      | Reached XP level 9. HP: 42/45 MP: 15/25
  6760 | D:6      | Reached skill level 5 in Translocations
  7444 | D:7      | Reached skill level 10 in Conjurations
  7610 | D:7      | Reached skill level 11 in Spellcasting
  8225 | D:7      | Found an ancient bone altar of Kikubaaqudgha.
  8461 | D:7      | Found a staircase to the Ecumenical Temple.
  8495 | Temple   | Entered the Ecumenical Temple
  8808 | D:8      | Found a hazy altar of Hepliaklqana.
  8809 | D:8      | Found a bloodstained altar of Trog.
  8889 | D:8      | Reached skill level 12 in Spellcasting
  9002 | D:8      | Reached skill level 1 in Hexes
  9003 | D:8      | Reached XP level 10. HP: 50/50 MP: 17/28
  9230 | D:8      | Noticed Joseph
  9574 | D:8      | Found a basalt altar of Yredelemnul.
  9742 | D:8      | Slain by a polar bear

Illustrated notes

Levels and vault maps discovered:
D:1:      dpeg_arrival_stone_temple_mockup, layout_basic,
          hellmonk_ecumenical_altar_slurped_away
D:2:      layout_loops_cross
D:3:      layout_basic, nemelex_spade_bored_becter, gammafunk_ghost_split,
          uniq_sigmund
D:4:      layout_rooms, minitemple, gammafunk_ghost_abyssal_escape,
          uniq_menkaure
D:5:      layout_cave_pods, chei_slow_surprise, uniq_crazy_yiuf_cottage
D:6:      layout_gridville, evilmike_ruin_ashenzari, elyvilon_altar_1,
          nicolae_tso_carved_into_rock, uniq_prince_ribbit1
D:7:      layout_rooms, overflow_temple_1_default, minmay_temple_entry_mist
D:8:      layout_loops_ring, gammafunk_temple_overflow_statue,
          overflow_temple_1_default, serial_ice, serial_ice_i, serial_ice_b,
          serial_ice_e, serial_ice_d, serial_ice_a, serial_ice_c, uniq_joseph
Temple:   nicolae_temple_ecumenical_triangle

Skill      XL: |  1  2  3  4  5  6  7  8  9 10 |
---------------+-------------------------------+-----
Conjurations   | 5 6 7 8 9 11 | 11.3
Spellcasting   | 5 6 8 10 12 | 12.6
Translocations | 2 3 4 6 |  6.8
Hexes          | 1 2 |  2.7
Dodging        | |  2.4
Stealth        | |  2.4

Action                   |  1- 3 |  4- 6 |  7- 9 | 10-12 || total
-------------------------+-------+-------+-------+-------++-------
Melee: Dagger            |     3 |     7 |       |     1 ||    11
 Cast: Magic Dart        |    59 |    78 |   183 |    26 ||   346
       Searing Ray       |     4 |     9 |    46 |     7 ||    66
       Iskenderun's Myst |       |       |    17 |     3 ||    20
       Fulminant Prism   |       |       |       |     1 ||     1
  Use: Potion            |     7 |       |       |       ||     7
       Scroll            |       |       |     6 |     1 ||     7
Armor: Skin              |     3 |       |       |       ||     3
       Robe              |     1 |    24 |    35 |    23 ||    83
Dodge: Dodged            |     6 |    27 |    47 |    20 ||   100
